 Dungeon Crawl Stone Soup version 0.30-a0-137-gd8773701ce (webtiles) character file.

Game seed: 7507862311218313987

6916 LnG the Covert (level 11, -14/61 HPs)
             Began as a Kobold Summoner on Sept 22, 2022.
             Was an Initiate of Yredelemnul.
             Demolished by Erolcha
             ... wielding a +6 giant club
              (40 damage)
             ... on level 10 of the Dungeon.
             The game lasted 00:55:39 (11509 turns).

LnG the Covert (Kobold Summoner)                   Turns: 11509, Time: 00:55:40

Health: -14/61     AC:  6    Str:  8    XL:     11   Next: 27%
Magic:  4/22       EV: 21    Int: 20    God:    Yredelemnul [......]
Gold:   297        SH:  0    Dex: 17    Spells: 8/25 levels left

rFire   + . .      SeeInvis .    n - +7 Throatcutter {drain, coup de grace}
rCold   + . .      Faith    .    (no shield)
rNeg    . . .      Spirit   .    a - +0 robe
rPois   .          Reflect  .    d - +0 helmet
rElec   .          Harm     .    r - scarf {rC+ rF+}
rCorr   .          Rampage  .    G - +2 pair of gloves {Str+3}
Will    .....                    (no boots)
Stlth   ++++++....               (no amulet)
HPRegen 0.20/turn                u - +4 ring of evasion
MPRegen 0.18/turn                z - ring of wizardry

@: no status effects
A: small, no large weapons, nightstalker 3
a: Renounce Religion, Recall Undead Harvest


You were on level 10 of the Dungeon.
You worshipped Yredelemnul.
Yredelemnul was noncommittal.
You visited 2 branches of the dungeon, and saw 11 of its levels.

You collected 577 gold pieces.
You spent 280 gold pieces at shops.

Inventory:

Hand Weapons
 f - a +2 dagger of holy wrath
 n - the +7 Throatcutter (weapon) {drain, coup de grace}
   (You took it off Terence on level 2 of the Dungeon)

   A truly terrible weapon, it drains the life of any living foe it strikes.
   It may instantly kill foes which have little health.
Missiles
 L - 3 throwing nets
Armour
 a - a +0 robe (worn)
 d - a +0 helmet (worn)
 j - a +2 cloak
 r - a scarf of resistance (worn)
 G - a +2 pair of gloves of strength (worn)
Jewellery
 u - a +4 ring of evasion (left hand)
 y - a ring of fire
 z - a ring of wizardry (right hand)
 J - a ring of see invisible
Wands
 s - a wand of charming (4)
 v - a wand of roots (4)
 M - a wand of quicksilver (6)
Scrolls
 e - a scroll of poison
 h - a scroll of blinking
 i - a scroll of immolation
 k - 3 scrolls of torment
 p - 5 scrolls of amnesia
 w - 2 scrolls of magic mapping
 B - 2 scrolls of silence {unknown}
 C - a scroll of vulnerability {unknown}
 E - 2 scrolls of noise {unknown}
 F - a scroll of teleportation {unknown}
 H - a scroll of brand weapon {unknown}
Potions
 b - a potion of magic
 c - 4 potions of curing
 g - 5 potions of mutation
 l - 2 potions of haste {unknown}
 m - 2 potions of heal wounds {unknown}
 o - a potion of lignification {unknown}
 q - a potion of degeneration {unknown}
 t - a potion of invisibility {unknown}
 x - 3 potions of flight {unknown}
 A - 2 potions of might
 D - a potion of attraction {unknown}
 I - a potion of brilliance {unknown}


   Skills:
 + Level 4.1 Fighting
 + Level 2.2(5.9) Short Blades
 + Level 5.5(5.6) Long Blades
 + Level 4.9 Dodging
 + Level 10.0 Stealth
 + Level 7.7 Spellcasting
 + Level 2.8 Hexes
 + Level 8.4 Summonings
 + Level 1.5 Ice Magic
 + Level 0.5 Air Magic
 * Level 5.7 Invocations


You had 8 spell levels left.
You knew the following spells:

 Your Spells              Type           Power      Damage    Failure   Level
a - Summon Small Mammal   Summ           100%       N/A       1%          1
b - Call Imp              Summ           41%        N/A       1%          2
c - Call Canine Familiar  Summ           41%        N/A       1%          3
d - Summon Guardian Gole  Hex/Summ       30%        N/A       1%          3
e - Summon Lightning Spi  Summ/Air       25%        N/A       6%          4
f - Summon Ice Beast      Ice/Summ       27%        N/A       4%          4

Your spell library contained the following spells:

 Spells                   Type           Power      Damage    Failure   Level
 Slow                     Hex            76%        N/A       1%          1
 Ensorcelled Hibernation  Hex/Ice        32%        N/A       2%          2
 Apportation              Tloc           14%        N/A       3%          1
 Beastly Appendage        Tmut           14%        N/A       3%          1
 Necrotise                Necr           28%        1d5       3%          1
 Sting                    Tmut/Pois      28%        1d4       3%          1
 Confusing Touch          Hex            19%        N/A       3%          3
 Cigotuvi's Dreadful Rot  Necr/Pois/Air  16%        N/A       4%          2
 Poisonous Vapours        Pois/Air       16%        N/A       4%          2
 Wereblood                Tmut           7%         N/A       5%          2
 Portal Projectile        Hex/Tloc       26%        N/A       6%          3
 Kindle Blastsparks       Fire/Tloc/Air  16%        2d11      10%         3
 Summon Mana Viper        Hex/Summ       30%        N/A       10%         5
 Spider Form              Tmut/Pois      7%         N/A       11%         3
 Vampiric Draining        Necr           7%         2d6       11%         3
 Cause Fear               Hex            9%         N/A       11%         4
 Anguish                  Hex/Necr       6%         N/A       19%         4
 Fulminant Prism          Conj/Hex       6%         3d7       19%         4
 Leda's Liquefaction      Hex/Erth       6%         N/A       19%         4
 Dispel Undead            Necr           7%         3d8       32%         4
 Iskenderun's Mystic Bla  Conj/Tloc      7%         2d4       32%         4
 Olgreb's Toxic Radiance  Pois           7%         N/A       32%         4
 Monstrous Menagerie      Summ           20%        N/A       63%         7
 Lee's Rapid Deconstruct  Erth           3%         3d6*      65%         5
 Dragon Form              Tmut           3%         N/A       100%        7
 Dragon's Call            Summ           20%        N/A       100%        9
 Death Channel            Necr           Unusable   N/A       N/A         6

Dungeon Overview and Level Annotations

Branches:
Dungeon (10/15)            Temple (1/1) D:6             Orc (0/2) D:10
   Lair: D:8-11

Altars:
Ashenzari
Cheibriados
Dithmenos
Elyvilon
Fedhas
Gozag
Hepliaklqana
Kikubaaqudgha
Makhleb
Nemelex Xobeh
Okawaru
Qazlal
Ru
Sif Muna
Trog
Uskayaw
Vehumet
Wu Jian
Xom
Yredelemnul
Zin
The Shining One

Shops:
D:5 *   D:8 :

Annotations:
D:10 Erolcha


Innate Abilities, Weirdness & Mutations

You are small and have problems with some larger weapons.
You are completely attuned to the shadows.


Message History

Your lightning spire shoots out a bolt of lightning at the orc warrior!
The bolt of electricity hits the orc warrior!
The orc warrior dies!
The dead are walking!
The orc barely misses your guardian golem.
An orc priest comes into view. It is wielding a +0 whip.
Something hits you!!
* * * LOW HITPOINT WARNING * * *
You feel better.
Your hound bites something.
Your hound bites something but does no damage.
The orc hits your guardian golem but does no damage.
You feel better.
Your hound barely misses something.
Something hits you!
* * * LOW HITPOINT WARNING * * *
The orc hits your guardian golem but does no damage.
The orc priest mumbles some strange prayers to Beogh against you.
Beogh smites you!
* * * LOW HITPOINT WARNING * * *
You feel better.
Your hound bites something but does no damage.
Your hound bites something.
The orc hits your guardian golem but does no damage.
The orc priest barely misses your orc warrior zombie.
Something barely misses your hound.
You feel better.
Your hound bites something.
A wyvern comes into view.
Your orc warrior zombie closely misses something.
The orc hits your guardian golem with a +0 short sword.
The orc priest closely misses your orc warrior zombie.
You feel better.
Your hound barely misses something.
Something misses you.
Your hound barely misses something.
The orc hits your guardian golem but does no damage.
The orc priest hits your orc warrior zombie with a +0 whip.
Your orc warrior zombie hits the orc priest but does no damage.
The wyvern bites your orc warrior zombie.
You hit something.
Your hound bites something.
The wyvern closely misses your orc warrior zombie.
Something hits you!!!
Ouch! That really hurt!
You die...
Your body rises from the dead as a mindless zombie.

........#
....>.....
......lo....
#...ohZ....#
#...9{8...#
.##....@Y...#
......?.....###
#.)......)....
#.####.##.### #
#....#
..######.####
....<........
..######.###.
#.#


You could see a wyvern, an orc priest (ally target), an orc, a friendly guardian
golem (summoned), a friendly ice beast (summoned, sheltered), a friendly
lightning spire (summoned, sheltered), a friendly hound (summoned, sheltered)
and a friendly orc warrior zombie (sheltered).

Vanquished Creatures
  Snorg (D:10)
  Amaemon (D:9)
  Pikel (D:7)
  A yak (D:10)
  A steam dragon (D:7)
  2 vampire mosquitoes (D:10)
  Edmund (D:4)
  4 orc warriors
  A sky beast (D:7)
  2 ogres (D:5)
  2 phantoms (D:5)
  A centaur (D:5)
  A kobold brigand (D:7)
  A gnoll sergeant (D:8)
  2 scorpions
  2 bullfrogs
  A necrophage (D:5)
  A howler monkey (D:7)
  2 hounds
  A jelly (D:6)
  A gnoll bouda (D:9)
  6 orc priests
  3 iguanas (D:5)
  6 orc wizards
  3 gnolls
  9 adders
  A shadow imp (D:5)
  An ufetubus (D:4)
  A worm (D:4)
  2 dart slugs
  19 orcs
  6 ball pythons
  6 endoplasms
  A giant cockroach (D:2)
  4 goblins
  5 hobgoblins
  5 quokkas
  2 bats (D:2)
  2 frilled lizards
  7 kobolds
  4 rats
123 creatures vanquished.

Vanquished Creatures (collateral kills)
  Harold (D:9)
  An orange demon (D:9)
  Sigmund (D:2)
  A steam dragon (D:7)
  3 orc warriors
  2 ogres
  A centaur (D:6)
  A kobold brigand (D:9)
  A bullfrog (D:9)
  Crazy Yiuf (D:6)
  Terence (D:2)
  An orc wizard (D:5)
  8 gnolls
  2 adders
  A shadow imp (D:5)
  2 worms (D:2)
  16 orcs
  2 endoplasms
  5 goblins
  3 hobgoblins
  2 jackals (D:1)
  11 kobolds
  2 quokkas
  2 ball pythons
  A frilled lizard (D:1)
  2 rats (D:1)
74 creatures vanquished.

Vanquished Creatures (others)
  A manticore (D:9)
  A vampire mosquito zombie (D:10)
  A yak zombie (D:10)
  An orc priest (D:4)
  2 orc wizards
  A steam dragon zombie (D:7)
  A gnoll zombie (D:8)
  A quokka (D:1)
  2 kobold zombies
  3 orc zombies
14 creatures vanquished.

Grand Total: 211 creatures vanquished

Notes
Turn   | Place    | Note
-------+----------+-------------------------------------------
     0 | D:1      | LnG the Kobold Summoner began the quest for the Orb.
     0 | D:1      | Reached XP level 1. HP: 10/10 MP: 3/3
   238 | D:1      | Reached XP level 2. HP: 15/15 MP: 3/5
   241 | D:1      | Learned a level 2 spell: Call Imp
   869 | D:1      | Reached skill level 3 in Stealth
   869 | D:1      | Reached XP level 3. HP: 19/19 MP: 6/6
   873 | D:1      | Learned a level 3 spell: Call Canine Familiar
  1142 | D:1      | Noticed a Brimstone Fiend
  1146 | D:1      | Found a faded altar of an unknown god.
  1471 | D:2      | Noticed Terence
  1861 | D:2      | Reached XP level 4. HP: 22/24 MP: 4/8
  1994 | D:2      | Reached skill level 1 in Short Blades
  2000 | D:2      | Noticed Sigmund
  2007 | D:2      | Killed Sigmund
  2008 | D:2      | Reached skill level 5 in Stealth
  2008 | D:2      | Reached XP level 5. HP: 16/28 MP: 3/9
  2008 | D:2      | Reached XP level 6. HP: 18/33 MP: 3/10
  2110 | D:2      | Killed Terence
  2458 | D:2      | Reached skill level 6 in Stealth
  2610 | D:3      | Learned a level 3 spell: Summon Guardian Golem
  2977 | D:3      | Found a glowing silver altar of Zin.
  3135 | D:3      | Reached skill level 5 in Summonings
  3955 | D:4      | Reached XP level 7. HP: 37/37 MP: 12/12
  4053 | D:4      | Noticed Edmund
  4072 | D:4      | Killed Edmund
  4073 | D:4      | Reached skill level 1 in Fighting
  4073 | D:4      | Reached skill level 1 in Long Blades
  4314 | D:4      | Learned a level 4 spell: Summon Lightning Spire
  4731 | D:5      | Entered Level 5 of the Dungeon
  4749 | D:5      | Reached skill level 7 in Stealth
  4905 | D:5      | Reached XP level 8. HP: 44/44 MP: 14/14
  5193 | D:5      | Reached skill level 5 in Spellcasting
  5217 | D:5      | Found Gonot's Assorted Antiques.
  5228 | D:5      | Bought a scroll of identify for 32 gold pieces
  5228 | D:5      | Bought a scroll of blinking for 120 gold pieces
  5228 | D:5      | Bought a scroll of identify for 32 gold pieces
  5228 | D:5      | Bought 2 potions of curing for 96 gold pieces
  5507 | D:5      | Found an ornate altar of the Wu Jian Council.
  5739 | D:5      | Reached skill level 8 in Stealth
  5783 | D:5      | Reached XP level 9. HP: 49/49 MP: 10/16
  6281 | D:6      | Found a staircase to the Ecumenical Temple.
  6293 | Temple   | Entered the Ecumenical Temple
  6434 | Temple   | Became a worshipper of Yredelemnul the Dark
  6519 | D:6      | Found a broken altar of Ashenzari.
  6593 | D:6      | Reached * piety under Yredelemnul
  6807 | D:6      | Learned a level 4 spell: Summon Ice Beast
  6994 | D:6      | Reached ** piety under Yredelemnul
  7146 | D:6      | Found a runed translucent door.
  7149 | D:6      | Noticed Crazy Yiuf
  7155 | D:6      | Killed Crazy Yiuf
  7156 | D:6      | Reached skill level 9 in Stealth
  8014 | D:7      | Reached skill level 1 in Hexes
  8014 | D:7      | Reached skill level 1 in Invocations
  8261 | D:7      | Noticed Pikel
  8265 | D:7      | Killed Pikel
  8321 | D:7      | Reached XP level 10. HP: 49/56 MP: 16/19
  8457 | D:7      | Found a blossoming altar of Fedhas.
  8512 | D:7      | Found a radiant altar of Vehumet.
  8513 | D:7      | Found a glowing golden altar of the Shining One.
  8612 | D:7      | Reached *** piety under Yredelemnul
  8918 | D:8      | Found Loimon's Self-Improvement Boutique.
  9119 | D:8      | You fall into a shaft and drop 1 floor!
  9121 | D:9      | Noticed a manticore
  9127 | D:9      | Killed a manticore
 10271 | D:9      | Identified the +4 chain mail of the End {-Tele rF- Will+++
                  | Stlth+}
 10519 | D:9      | Noticed an orange demon
 10520 | D:9      | Noticed Amaemon
 10532 | D:9      | Killed an orange demon
 10534 | D:9      | Killed Amaemon
 10535 | D:9      | Reached skill level 5 in Long Blades
 10535 | D:9      | Reached skill level 1 in Ice Magic
 10783 | D:9      | Noticed Harold
 10805 | D:9      | Killed Harold
 10806 | D:9      | Reached skill level 5 in Invocations
 10806 | D:9      | Reached XP level 11. HP: 60/60 MP: 7/22
 11097 | D:10     | Entered Level 10 of the Dungeon
 11156 | D:10     | Reached skill level 10 in Stealth
 11162 | D:10     | Noticed Snorg
 11178 | D:10     | Killed Snorg
 11489 | D:10     | Noticed Erolcha
 11491 | D:10     | Found a staircase to the Orcish Mines.
 11505 | D:10     | HP: 1/61 [orc priest/divine providence (15)]
 11509 | D:10     | Demolished by Erolcha

Illustrated notes

Levels and vault maps discovered:
D:1:      evilmike_arrival_hilbert_curve, layout_basic,
          dreamdust_ecumenical_altar_sealed_demon, grunt_decor_fettered,
          lemuel_flame_loot_1
D:2:      layout_loops_ring, minivault_19, uniq_sigmund, uniq_terence
D:3:      layout_basic, mainiacjoe_overflow_six_doors_small,
          mrwooster_statue_mirror
D:4:      layout_gridville, uniq_edmund
D:5:      minmay_diamond_boxcup, layout_basic, overflow_temple_1_default,
          serial_shops, nicolae_shop_stone
D:6:      layout_basic, evilmike_ruin_ashenzari,
          minmay_temple_entry_glassed_door, serial_corexii_hall,
          chequers_hall_statues_corner_a, corexii_hall_statues_l,
          chequers_hall_statues_wall_a, corexii_hall_statues_deadend,
          minmay_misc_feat_more_columns, uniq_crazy_yiuf_cottage
D:7:      layout_cave_pools, fedhas_altar_fruit_tree,
          gammafunk_temple_overflow_statue, uniq_pikel
D:8:      layout_loops_cross, eino_tiny_chamber, nicolae_shop_self_help
D:9:      layout_roguey, uniq_amaemon, uniq_harold
D:10:     layout_loops_ring, david_orc_3, gammafunk_ghost_wrathful_warriors,
          minivault_16, uniq_grum, uniq_snorg, uniq_erolcha
Temple:   nicolae_temple_superstar

Skill      XL: |  1  2  3  4  5  6  7  8  9 10 11 |
---------------+----------------------------------+-----
Stealth        | 3 5 6 7 8 9 10 | 10.0
Dodging        | 3 4 |  4.9
Short Blades   | 2 |  2.2
Spellcasting   | 3 4 5 6 7 |  7.7
Summonings     | 5 6 8 |  8.4
Fighting       | 2 3 4 |  4.1
Long Blades    | 1 3 4 5 |  5.5
Hexes          | 1 2 |  2.8
Invocations    | 2 5 |  5.7
Ice Magic      | 1 |  1.5
Air Magic      | |  0.5

Action                   |  1- 3 |  4- 6 |  7- 9 | 10-12 || total
-------------------------+-------+-------+-------+-------++-------
Melee: Dagger            |    24 |     7 |       |       ||    31
       Long sword        |       |    44 |   100 |    83 ||   227
       Punch             |       |     1 |     1 |     1 ||     3
 Cast: Summon Small Mamm |    28 |       |     1 |       ||    29
       Call Imp          |     3 |     2 |     1 |     1 ||     7
       Call Canine Famil |     3 |     6 |    27 |    13 ||    49
       Summon Guardian G |       |       |    13 |    17 ||    30
       Summon Ice Beast  |       |       |     3 |    11 ||    14
       Summon Lightning  |       |       |     1 |     3 ||     4
Invok: Recall Undead Har |       |       |       |     1 ||     1
  Use: Scroll            |     4 |     2 |     6 |     5 ||    17
       Potion            |       |       |     2 |     6 ||     8
 Stab: Sleeping          |    13 |    16 |    24 |     8 ||    61
       Distracted        |       |       |     1 |     1 ||     2
Armor: Robe              |     5 |    11 |    15 |    14 ||    45
Dodge: Dodged            |    24 |    35 |    82 |   111 ||   252

Table legend: (Time is in decaauts)
 A = Elapsed time spent in this place.
 B = Non-inter-level travel time spent in this place.
 C = Inter-level travel time spent in this place.
 D = Time resting spent in this place.
 E = Time spent auto-exploring this place.
 F = Levels seen in this place.
 G = Mean time per level.
                   A        B        C        D        E       F      G
               +--------+--------+--------+--------+--------+-----+--------+
         Total |  11559 |  11096 |    463 |   1903 |   6461 |  11 | 1050.8 |
       Dungeon |  11397 |  10969 |    428 |   1903 |   6354 |  10 | 1139.7 |
        Temple |    161 |    126 |     35 |      0 |    107 |   1 |  161.0 |
               +--------+--------+--------+--------+--------+-----+--------+

Top non-repeatable levels by time:
     D:6: 1766 daAuts
     D:1: 1463 daAuts
     D:9: 1419 daAuts
     D:5: 1345 daAuts
     D:3: 1272 daAuts
     D:2: 1145 daAuts
     D:8: 1063 daAuts
     D:7: 918 daAuts
     D:4: 872 daAuts
  Temple: 161 daAuts
    D:10: 130 daAuts
